Semilg, lawful female human Valkyrie $ * ------ $ ---------- |.(..| |........-#################`|....| ####+ ! ) |........| # |.{..| # |........+ ##-....|## |........| # ----.-# $ |.........## # ######## * -------.-- # # I # ## `#######################I###### $ # # # # # -I------.-- * $ ###### ###----------#### |.........- $ # # #.........|## |I........| ######`## |.........## |.....(...| --.---- # |........|#####..........| |....<+###### ----------# |.........| |.....|#### ################## |.........| |......# ----------- ------- Semilg the Skirmisher Experience level: 4 Strength: 21 Dexterity: 13 Constitution: 12 Intelligence: 8 Wisdom: 10 Charisma: 10 Health: 0(47) Energy: 11(11) Def: 5 Gold: 752 Moves: 2077 Dungeon seed: BefljqKYMiD5Q929 Game ID: Semilg_1631124673 Your Inventory: Coins $ - 752 gold pieces Weapons a - an uncursed +1 long sword (weapon in hand) b - an uncursed +0 dagger k - a blessed +1 aklys s - an uncursed +0 aklys (in quiver) u - a cursed +0 aklys x - an uncursed -2 crossbow A - 8 blessed +0 crossbow bolts Armor e - an uncursed +3 small shield (being worn) n - an uncursed +0 orcish helm (being worn) y - an uncursed +0 orcish helm Scrolls h - an uncursed scroll of confuse monster m - an uncursed scroll of identify p - an uncursed scroll of stinking cloud Spellbooks g - an uncursed spellbook of sleep Rings f - a cursed ring of aggravate monster Wands i - an uncursed wand of polymorph (0:5) Tools d - an uncursed oil lamp (0:1464) t - 6 uncursed tallow candles (0:200) Gems q - 2 uncursed worthless pieces of yellowish brown glass r - an uncursed worthless piece of violet glass z - an uncursed worthless piece of blue glass Spells and supernatural/magical abilities: Name Level Category Cost Memory W - pray for help -- divine ? -- Your skills at the end: Fighting Skills wands [Basic] Weapon Skills dagger [Basic] long sword [Basic] Spellcasting Skills Final Attributes: You were piously aligned. You were immune to cold. You were blinded. You were stealthy. Tyr was noncommittal. You are dead. Vanquished creatures: a red naga a yellow light a gnome lord a giant ant a kitten 2 homunculi a rothe 6 coyotes 2 cave spiders 3 gnomes a gecko 7 jackals 2 foxes 2 kobolds 2 goblins 2 sewer rats a grid bug 2 lichens 2 newts 40 creatures vanquished. Voluntary challenges: You used a wielded weapon 44 times, starting on turn 301. You were illiterate. You never genocided any monsters. You never polymorphed an object. You never changed form. You used no wishes. You never split a pudding. You never wrote Elbereth's name. You never violated your personal moral code. Dungeon overview: The Dungeons of Doom: levels 1 to 6 Level 1 an altar to Tyr, some fountains a long staircase Level 2 some fountains Level 3 a vault stairs to The Gnomish Mines Level 4 a fountain Level 5 Level 6 <- You were here a fountain The Gnomish Mines: Level 4 stairs to The Dungeons of Doom History has recorded: On T:1 you entered the Dungeons of Doom to retrieve the Amulet of Yendor! On T:23 you reached level 2 of The Dungeons of Doom. On T:544 you reached level 3 of The Dungeons of Doom. On T:566 you advanced to experience level 2. On T:775 you advanced to experience level 3. On T:930 you reached level 1 of The Gnomish Mines. On T:1111 you reached level 4 of The Dungeons of Doom. On T:1249 you reached level 5 of The Dungeons of Doom. On T:1430 you advanced to experience level 4. On T:1608 you reached level 6 of The Dungeons of Doom. Score breakdown: Gold: 752 ( 9785 points) Experience: 4 levels ( 9649 points) Exploration: 6 levels ( 13.33%) (10112 points) Discoveries: 6 items ( 2.40%) ( 4647 points) Valuables value: (no points given unless you survive) Artifact value: 0 ( 0 points) Variety of kills: 19 monsters ( 5.00%) ( 6708 points) Turncount: 2077 turns ( -56 points) Survival: died (score multiplied by 80%) Total score: 32676 Latest messages: Yecch! This stuff tastes like poison. Your muscles won't obey you. It must be a potion of sickness. You sense the presence of objects. It must be a potion of object detection. You are no longer confused. It hits! It misses. It bites! It hits! It bites! (2x) It hits! It bites! (2x) You hit it. You kill it! It hits! It bites! (2x) It hits! It bites! (2x) You die... Final status: Farvel Semilg the Valkyrie, killed by a rothe... You died in The Dungeons of Doom on dungeon level 6 with 32676 points, and 752 pieces of gold, after 2077 moves. You were level 4 with a maximum of 47 hit points when you died.